 Dungeon Crawl Stone Soup version 0.19-a0-473-g3ac10ee (webtiles) character file.

410 MenacingMecha the Shooter (level 6, -1/51 HPs)
             Began as a Centaur Arcane Marksman on June 4, 2016.
             Slain by a giant frog (4 damage)
             ... on level 4 of the Dungeon.
             The game lasted 00:15:04 (5162 turns).

MenacingMecha the Shooter (Centaur Arcane Marksman) Turns: 5162, Time: 00:15:04

Health: -1/51      AC:  4    Str: 13    XL:     6   Next: 58%
Magic:  2/7        EV: 10    Int: 14    God:
Gold:   214        SH:  0    Dex: 11    Spells: 2 memorised, 4 levels left

rFire  . . .     SeeInvis .     a - +0 shortbow
rCold  + . .     Gourm    .     j - +0 robe (curse)
rNeg   . . .     Faith    .     (shield currently unavailable)
rPois  .         Spirit   .     (no helmet)
rElec  .         Dismiss  .     (no cloak)
rCorr  .         Reflect  .     (no gloves)
SustAt .         Harm     .     (no barding)
MR     .....                    (no amulet)
Stlth  +.........               s - +2 ring of intelligence
                                k - ring of protection from cold {rC+}

@: very quick, not resistant to hostile enchantments, very unstealthy
A: hooves 3, deformed body, speed 2, tough skin 3
a: no special abilities


You were on level 4 of the Dungeon.
You were not hungry.

You visited 1 branch of the dungeon, and saw 4 of its levels.

You collected 214 gold pieces.

Inventory:

Hand Weapons
 a - a +0 shortbow (weapon)
 b - a +1 hand axe of flaming
   (You took it off a hobgoblin on level 1 of the Dungeon)
Missiles
 d - 52 arrows (quivered)
Armour
 j - a cursed +0 robe (worn)
   (You found it on level 1 of the Dungeon)
Jewellery
 k - a ring of protection from cold (left hand) {rC+}
   (You found it on level 1 of the Dungeon)
 s - a +2 ring of intelligence (right hand)
   (You found it on level 3 of the Dungeon)
Scrolls
 l - a scroll of magic mapping {unknown}
 n - 4 scrolls of identify {unknown}
 q - 4 scrolls of teleportation {unknown}
 r - 2 scrolls of blinking {unknown}
 u - a scroll of amnesia {unknown}
Potions
 e - a potion of curing {unknown}
 g - 2 potions of heal wounds {unknown}
 p - a potion of brilliance {unknown}
 t - a potion of mutation {unknown}
Books
 c - a book of Debilitation
Comestibles
 f - 2 bread rations
 h - 3 meat rations
 i - 4 chunks of flesh
 m - 3 fruits
 o - a beef jerky


   Skills:
 - Level 3.2 Fighting
 + Level 6.9 Bows
 - Level 1.3 Dodging
 - Level 1.0 Spellcasting
 - Level 4.2 Hexes


You had 4 spell levels left.
You knew the following spells:

 Your Spells              Type           Power        Failure   Level  Hunger
s - Slow                  Hex            ##......     10%         2    ###....
v - Corona                Hex            ##.....      6%          1    ##.....


Dungeon Overview and Level Annotations

Branches:
Dungeon (4/15)
 Temple: D:4-7

Altars:
Elyvilon
Hepliaklqana
Kikubaaqudgha
Pakellas
Uskayaw

Shops:
D:4 (

Annotations:
D:4 Sigmund


Innate Abilities, Weirdness & Mutations

You have hooves in place of feet.
Armour fits poorly on your strangely shaped body.
You cover ground very quickly.
You have extremely tough skin. (AC +3)


Message History

You kill the giant newt!
n - 4 scrolls labeled LARHOON BYORI (gained 1)
q - 4 scrolls labeled VAMAUQ NYRULI (gained 3)
Your +1 hand axe of flaming stops flaming.
a - a +0 shortbow (weapon)
A giant frog comes into view.
The giant frog gives a loud, deep croak!
Casting: Corona
Confirm with . or Enter, or press ? or * to list all spells.
Aiming: Corona
Press: ? - help, Shift-Dir - straight line, f - giant frog
Aim: a giant frog (chance to defeat MR: 49%)
The giant frog is outlined in light.
Firing (i - inventory):
d - 56 arrows (quivered)
Press: ? - help, Shift-Dir - straight line, f/p - giant frog
Aim: a giant frog (softly glowing)
You shoot an arrow. The arrow hits the giant frog!
The giant frog is moderately wounded.
The giant frog stops glowing.
Firing (i - inventory):
d - 55 arrows (quivered)
Press: ? - help, Shift-Dir - straight line, f/p - giant frog
Aim: a giant frog (moderately wounded)
You shoot an arrow. The arrow hits the giant frog.
The giant frog is heavily wounded.
The giant frog barely misses you. The giant frog hits you.
Your +1 hand axe of flaming bursts into flame!
b - a +1 hand axe of flaming (weapon)
The giant frog barely misses you.
Casting: Corona
Confirm with . or Enter, or press ? or * to list all spells.
Aiming: Corona
Press: ? - help, Shift-Dir - straight line, f/p - giant frog
Aim: a giant frog (heavily wounded, chance to defeat MR: 49%)
The giant frog resists with significant effort.
The giant frog hits you!
Casting: Corona
Confirm with . or Enter, or press ? or * to list all spells.
Aiming: Slow
Press: ? - help, Shift-Dir - straight line, f/p - giant frog
Aim: a giant frog (heavily wounded, chance to defeat MR: 49%)
The giant frog resists with some effort.
The giant frog hits you.
The giant frog hits you but does no damage.
Casting: Slow
Confirm with . or Enter, or press ? or * to list all spells.
Aiming: Slow
Press: ? - help, Shift-Dir - straight line, f/p - giant frog
Aim: a giant frog (heavily wounded, chance to defeat MR: 49%)
The giant frog resists with some effort.
The giant frog barely misses you.
Casting: Slow
Confirm with . or Enter, or press ? or * to list all spells.
Aiming: Slow
Press: ? - help, Shift-Dir - straight line, f/p - giant frog
Aim: a giant frog (heavily wounded, chance to defeat MR: 49%)
The giant frog seems to slow down.
The giant frog hits you.
You closely miss the giant frog.
The giant frog is heavily wounded.
The giant frog barely misses you.
You barely miss the giant frog. You kick the giant frog.
The giant frog is severely wounded.
The giant frog hits you! The giant frog barely misses you.
You miss the giant frog.
The giant frog is severely wounded.
The giant frog closely misses you.
You hit the giant frog. You burn the giant frog.
The giant frog is almost dead.
The giant frog closely misses you.
You barely miss the giant frog.
The giant frog is almost dead.
The giant frog hits you. The giant frog hits you!
You closely miss the giant frog.
The giant frog is almost dead.
The giant frog hits you but does no damage.
You closely miss the giant frog.
The giant frog is almost dead.
The giant frog hits you.
* * * LOW HITPOINT WARNING * * *
You barely miss the giant frog.
The giant frog is almost dead.
The giant frog hits you.
* * * LOW HITPOINT WARNING * * *
Your +1 hand axe of flaming stops flaming.
a - a +0 shortbow (weapon)
Firing (i - inventory):
d - 54 arrows (quivered)
Press: ? - help, Shift-Dir - straight line, f/p - giant frog
Aim: a giant frog (almost dead, slow)
You shoot an arrow.
The arrow closely misses the giant frog.
The giant frog hits you!
* * * LOW HITPOINT WARNING * * *
Firing (i - inventory):
d - 53 arrows (quivered)
Press: ? - help, Shift-Dir - straight line, f/p - giant frog
Aim: a giant frog (almost dead, slow)
You shoot an arrow. The arrow barely misses the giant frog.
The giant frog hits you.
* * * LOW HITPOINT WARNING * * *
The giant frog is no longer moving slowly.
The giant frog hits you.
You die...

.. ......#.#.#@#.#.#.. ...
.....############.## .#.. ....#####
#.# .. .. .......# #.## # #.#
#.....########..# .# #..## #.#
#...............##.#####.... #.#
#.....#####................. #.#
#.....#####.###.>#.### .... ###.##
#.#.......@...#(.....### #.(
##...###.#..##.###F#.#......... #.
#.....##.#..##..##.#......#.... #.
.......#......[.<#.#####..#########
..._.......####.###............(.(.
.......#....# #.# #....#...........
#.....##..)## #.# ######..#########
##...##.....###.###......># #
###.##..#####≈...≈######### #


You could see a giant frog.

Vanquished Creatures
  2 scorpions (D:3)
  An orc priest (D:4)
  An orc wizard (D:4)
  An iguana (D:4)
  Jessica (D:3)
  A worker ant (D:4)
  7 adders
  5 worms
  3 dart slugs
  3 giant geckos
  11 orcs
  A ball python (D:4)
  4 bats
  A bat zombie (D:4)
  3 giant cockroaches
  8 goblins
  7 hobgoblins
  4 jackals (D:2)
  7 kobolds
  4 giant newts
  6 rats
  2 rat zombies (D:4)
83 creatures vanquished.

Notes
Turn   | Place    | Note
--------------------------------------------------------------
     0 | D:1      | MenacingMecha the Centaur Arcane Marksman began the quest for the Orb.
     0 | D:1      | Reached XP level 1. HP: 16/16 MP: 2/2
   798 | D:1      | Reached skill level 2 in Fighting
   850 | D:1      | Reached XP level 2. HP: 24/24 MP: 1/3
  1477 | D:2      | Reached skill level 3 in Fighting
  1477 | D:2      | Reached XP level 3. HP: 19/31 MP: 2/4
  1678 | D:2      | Learned a level 2 spell: Slow
  1704 | D:2      | Reached skill level 3 in Hexes
  1931 | D:2      | Found an oddly glowing altar of Pakellas.
  1943 | D:2      | Reached XP level 4. HP: 36/38 MP: 3/5
  2551 | D:3      | Noticed Jessica
  2559 | D:3      | Killed Jessica
  2559 | D:3      | Reached skill level 4 in Hexes
  2612 | D:3      | Reached skill level 3 in Bows
  2612 | D:3      | Reached XP level 5. HP: 23/45 MP: 4/6
  3270 | D:3      | Found a hazy altar of Hepliaklqana.
  3323 | D:3      | Reached skill level 4 in Bows
  3804 | D:3      | Found a white marble altar of Elyvilon.
  3993 | D:3      | Reached skill level 5 in Bows
  3993 | D:3      | Reached XP level 6. HP: 47/51 MP: 7/7
  4220 | D:4      | Found Celiw's Weapon Shoppe.
  4243 | D:4      | Noticed Sigmund
  4348 | D:4      | Found an ancient bone altar of Kikubaaqudgha.
  4368 | D:4      | Found a hide-covered altar of Uskayaw.
  4400 | D:4      | Reached skill level 6 in Bows
  4406 | D:4      | HP: 8/51 [worker ant (5)]
  4413 | D:4      | HP: 6/51 [poisoned by an adder]
  4421 | D:4      | HP: 6/51 [poisoned by an adder]
  5144 | D:4      | HP: 11/51 [giant frog (3)]
  5150 | D:4      | HP: 3/51 [giant frog (8)]
  5162 | D:4      | Slain by a giant frog

Vault maps used:
D:1:      dpeg_arrival_tiny_j
D:2:      nicolae_overflow_crystal_walls
D:3:      lemuel_coloured_pillars_altar, elyvilon_altar_1, uniq_jessica
D:4:      marbit_many_paths, lemuel_zombie_altar_kikubaaqudgha, fedhas_altar_4,
          lemuel_round_altar, serial_shops, shop, minivault_23, uniq_sigmund

Skill      XL: |  1  2  3  4  5  6 |
---------------+-------------------+-----
Fighting       | 2 3 |  3.2
Hexes          | 3 4 |  4.2
Bows           | 3 5 6 |  6.9
Dodging        | |  1.3
Spellcasting   | |  1.0

Action                   |  1- 3 |  4- 6 || total
-------------------------+-------+-------++-------
Melee: Unarmed           |    21 |       ||    21
       Kick              |     5 |    19 ||    24
       Hand axe          |    49 |   132 ||   181
 Fire: Shortbow          |    33 |    69 ||   102
 Cast: Corona            |    19 |    25 ||    44
       Slow              |       |     6 ||     6
  Eat: Chunk             |     3 |    10 ||    13
Armor: Robe              |    36 |    56 ||    92
Dodge: Dodged            |    41 |    86 ||   127

Vault maps used:
D:1:      dpeg_arrival_tiny_j
D:2:      nicolae_overflow_crystal_walls
D:3:      lemuel_coloured_pillars_altar, elyvilon_altar_1, uniq_jessica
D:4:      marbit_many_paths, lemuel_zombie_altar_kikubaaqudgha, fedhas_altar_4,
          lemuel_round_altar, serial_shops, shop, minivault_23, uniq_sigmund

Table legend:
 A = Turns spent in this place as a percentage of turns spent in the entire game.
 B = Non-inter-level travel turns spent in this place as a percentage of non-inter-level travel turns spent in the entire game.
 C = Inter-level travel turns spent in this place as a percentage of turns spent in this place.
 D = Turns resting spent in this place as a percentage of non-inter-level travel turns spent in this place.
 E = Turns spent auto-exploring this place as a percentage of non-inter-level travel turns spent in this place.
 F = Non-inter-level travel turns spent in this place divided by the number of levels of this place that you've seen.
                   A       B       C       D       E      F
               +-------+-------+-------+-------+-------+----------------------
         Total | 100.0 | 100.0 |   0.4 |   5.8 |   5.7 | 338.2
       Dungeon | 100.0 | 100.0 |   0.4 |   5.8 |   5.7 | 338.2
               +-------+-------+-------+-------+-------+----------------------

Table legend:
 A = Kills in this place as a percentage of kills in entire the game.
 B = Kills by you in this place as a percentage of kills by you in the entire game.
 C = Kills by friends in this place as a percentage of kills by friends in the entire game.
 D = Other kills in this place as a percentage of other kills in the entire game.
 E = Experience gained in this place as a percentage of experience gained in the entire game.
 F = Experience gained in this place divided by the number of levels of this place that you have seen.
                   A       B       C       D       E      F
               +-------+-------+-------+-------+-------+----------------------
         Total | 100.0 | 100.0 |  -nan |  -nan | 100.0 | 146.5
       Dungeon | 100.0 | 100.0 |  -nan |  -nan | 100.0 | 146.5
               +-------+-------+-------+-------+-------+----------------------
